Construct Section Command Post
Selects Indian Artillery Battlegroup
Construct Field Infirmary
Construct Platoon Command Post
Selects Gurkha Rifles Section
Selects Artillery Saturation
Unlock Bishop Self-propelled Artillery
Bishop Self-propelled Artillery
Selects Off-map Airburst Barrage
6-pounder Anti-tank Gun Team
Selects BL5.5 Artillery Emplacement
6-pounder Anti-tank Gun Team
Construct Company Command Post